 Dungeon Crawl Stone Soup version 0.26-a0-1132-ge9770dfcb6 (webtiles) character file.

Game seed: 6610517146148868656

82 Anias the Sneak (level 4, 0/32 HPs)
             Began as an Octopode Delver on Dec 19, 2020.
             Succumbed to a scorpion's poison
             ... on level 4 of the Dungeon.
             The game lasted 00:01:29 (374 turns).

Anias the Sneak (Octopode Delver)                    Turns: 374, Time: 00:01:30

Health: 0/32       AC:  1    Str: 11    XL:     4   Next: 43%
Magic:  4/4        EV: 14    Int: 13    God:
Gold:   0          SH:  0    Dex: 13    Spells: 3/3 levels left

rFire    . . .     SeeInvis .   a - +0 spear
rCold    . . .     Faith    .   (no shield)
rNeg     . . .     Spirit   .   (helmet restricted)
rPois    .         Reflect  .   (no amulet)
rElec    .         Harm     .   (no ring)
rCorr    .         Rampage  .   (no ring)
Will     .....                  (no ring)
Stlth    ++++......             (no ring)
HPRegen  0.10/turn              (no ring)
MPRegen  0.09/turn              (no ring)
                                (no ring)
                                (no ring)

@: lethally poisoned (0 -> -1), hasted, very quick
A: almost no armour, stealthy swim, amphibious, 8 rings, constrict 8, camouflage
1, gelatinous body 1
a: no special abilities


You were on level 4 of the Dungeon.
You visited 1 branch of the dungeon, and saw 2 of its levels.

Inventory:

Hand Weapons
 a - a +0 spear (weapon)
Wands
 f - a wand of digging (3)
Scrolls
 b - a scroll of fog
 c - a scroll of magic mapping
 d - a scroll of fear
 g - a scroll of identify {unknown}


   Skills:
 + Level 3.6 Fighting
 + Level 2.8 Polearms
 + Level 2.8 Dodging
 + Level 7.2 Stealth


You had 3 spell levels left.
You didn't know any spells.
Your spell library was empty.

Dungeon Overview and Level Annotations

Branches:
Dungeon (5/15)
 Temple: D:4-7

Altars:


Innate Abilities, Weirdness & Mutations

You cannot wear most types of armour.
You are very stealthy in the water. (Stealth+)
You are amphibious.
You can wear up to eight rings at the same time.
You can use your tentacles to constrict eight enemies at once.
Your skin changes colour to match your surroundings (Stealth+).
Your rubbery body absorbs attacks. (AC +1, EV +1)


Message History

You feel sick.
You hit the orc.
You kill the orc!
* * * LOW HITPOINT WARNING * * *
You feel sick.
You aren't carrying any potions.
There is a lethal amount of poison in your body!
A giant cockroach comes into view.
* * * LOW HITPOINT WARNING * * *
You feel sick.
* * * LOW HITPOINT WARNING * * *
You feel sick.
* * * LOW HITPOINT WARNING * * *
You feel sick.
An adder comes into view.
The helpless adder fails to defend itself.
You puncture the adder! You grab the adder. You squeeze the adder.
You kill the adder!
You see here an adder corpse.
You die...

# .# ##.# ...
##.# ##..#
####...######
+..@†........
####...#####
###..# #....#
#.#### #.# #.
#.# #. #.#
.####.### #.#


There were no monsters in sight!

Vanquished Creatures
  A scorpion (D:4)
  A worker ant (D:4)
  An adder (D:4)
  An orc (D:4)
  A quokka (D:4)
5 creatures vanquished.

Notes
Turn   | Place    | Note
-------+----------+-------------------------------------------
     0 | D:5      | Anias the Octopode Delver began the quest for the Orb.
     0 | D:5      | Reached XP level 1. HP: 16/16 MP: 1/1
     8 | D:5      | Noticed a worker ant
    18 | D:4      | Killed a worker ant
    19 | D:4      | Reached XP level 2. HP: 9/21 MP: 2/2
    19 | D:4      | Reached XP level 3. HP: 11/26 MP: 3/3
   335 | D:4      | Noticed a scorpion
   344 | D:4      | Killed a scorpion
   345 | D:4      | Reached skill level 7 in Stealth
   345 | D:4      | Reached XP level 4. HP: 4/31 MP: 4/4
   368 | D:4      | HP: 1/31 [poisoned by a scorpion]
   374 | D:4      | Succumbed to a scorpion's poison

Illustrated notes

Levels and vault maps discovered:
D:4:      layout_loops_corners, uniq_edmund
D:5:      layout_cave_pools, okawaru_ov_weapons_minmay, enter_ossuary_1,
          serial_park_tiny_1

Skill      XL: |  1  2  3 |
---------------+----------+-----
Stealth        | 7 |  7.2
Fighting       | |  3.6
Polearms       | |  2.8
Dodging        | |  2.8

Action                   |  1- 3 |  4- 6 || total
-------------------------+-------+-------++-------
Melee: Spear             |    14 |     4 ||    18
       Tentacles         |     4 |     1 ||     5
       Constrict         |     3 |     2 ||     5
  Use: Potion            |     1 |       ||     1
 Stab: Sleeping          |       |     1 ||     1
Dodge: Dodged            |    11 |     1 ||    12

Table legend: (Time is in decaauts)
 A = Elapsed time spent in this place.
 B = Non-inter-level travel time spent in this place.
 C = Inter-level travel time spent in this place.
 D = Time resting spent in this place.
 E = Time spent auto-exploring this place.
 F = Levels seen in this place.
 G = Mean time per level.
                   A        B        C        D        E       F      G
               +--------+--------+--------+--------+--------+-----+--------+
         Total |    361 |    361 |      0 |     20 |    277 |   2 |  180.5 |
       Dungeon |    361 |    361 |      0 |     20 |    277 |   2 |  180.5 |
               +--------+--------+--------+--------+--------+-----+--------+

Top non-repeatable levels by time:
     D:4: 348 daAuts
     D:5: 13 daAuts
